 Dungeon Crawl Stone Soup version 0.31-a0-175-g9f7f995f2b (webtiles) character file.

Game seed: 6194546308367003515

1592 qw the Skirmisher (level 8, 0/76 HPs)
             Began as a Naga Hunter on June 16, 2023.
             Was a Follower of Okawaru.
             Killed from afar by a steam dragon (19 damage)
             ... with a ball of steam
             ... on level 7 of the Dungeon.
             The game lasted 00:01:42 (5063 turns).

qw the Skirmisher (Naga Hunter)                     Turns: 5063, Time: 00:01:42

Health: 0/76       AC:  6    Str: 16    XL:     8   Next: 93%
Magic:  8/10       EV: 13    Int: 10    God:    Okawaru [*.....]
Gold:   191        SH:  0    Dex: 17    Spells: 7/7 levels left

rFire   x . .        Y - +1 shortbow (flame)
rCold   + . .        (shield currently unavailable)
rNeg    . . .        c - +0 leather armour
rPois   +            f - +0 helmet
rElec   .            (no cloak)
rCorr   .            (no gloves)
SInv    +            (no barding)
Will    ++...        l - amulet of faith
Stlth   +++          i - ring of Ytuestruo {Ice Will+ Str+3}
HPRegen 0.32/turn    (no ring)
MPRegen 0.12/turn

%: faith
@: about to teleport, short of breath, heroic, very slow
A: AC +2, large, see invisible, deformed body, poison resistance, slowness 2,
spit poison 1, naga tail 1
a: Spit Poison, Renounce Religion, Heroism


You were on level 7 of the Dungeon.
You worshipped Okawaru.
Okawaru was aware of your devotion.
You visited 1 branch of the dungeon, and saw 7 of its levels.

You collected 333 gold pieces.
You spent 142 gold pieces at shops.


Innate Abilities, Weirdness & Mutations

Your serpentine skin is tough. (AC +2)
You have supernaturally acute eyesight. (SInv)
Armour fits poorly on your strangely shaped body.
Your system is resistant to poisons. (rPois)
You cover ground very slowly.
You can spit poison.
You have a snake-like lower body.


   Skills:
 - Level 5.7(10.7) Fighting
 + Level 8.6(13.6) Ranged Weapons
 - Level 2.8(7.8) Dodging
 - Level 1.5(6.5) Stealth
 + Level 3.1 Invocations


You had 7 spell levels left.
You didn't know any spells.
Your spell library was empty.

Inventory:

Hand Weapons
 Y - a +1 shortbow of flaming (weapon)
Armour
 c - a +0 leather armour (worn)
 f - a +0 helmet (worn)
Jewellery
 i - the ring of Ytuestruo (left hand) {Ice Will+ Str+3}
   (You found it on level 5 of the Dungeon)

   [ring of ice]

   It enhances your ice magic.
   Str:       It affects your strength (+3).
   rF:        It makes you vulnerable to fire.
   rC:        It protects you from cold.
   Will:      It increases your willpower.
 l - an amulet of faith (around neck)
Scrolls
 a - a scroll of identify
Potions
 b - a potion of cancellation
 d - 5 potions of curing
 g - a potion of might
 h - a potion of berserk rage {unknown}
 k - a potion of brilliance {unknown}

Dungeon Overview and Level Annotations

Branches:
Dungeon (7/15)             Temple (0/1) D:6

Altars:
Gozag
Okawaru
Vehumet
Yredelemnul
The Shining One

Shops:
D:2 (   D:5 *

Annotations:
D:7 3 runed translucent doors, qw's ghost, novice MiHu


Message History

A steam dragon comes into view.
Enter note:
Enter note:
5056 ||| INVOKING Heroism.
You gain the combat prowess of a mighty hero.
5057 ||| INVOKING Spit Poison.
Aiming: Spit Poison (1% risk of failure)
Press: ? - help, Shift-Dir - straight line, f - steam dragon The splash of poison misses the steam dragon.
The steam dragon breathes steam at you. The ball of steam hits you!!
The steam scalds you terribly!
You shoot an arrow. The arrow hits the steam dragon.
The arrow burns the steam dragon.
The steam dragon is lightly wounded.
You are engulfed in a cloud of scalding steam.
You shoot an arrow.
The arrow closely misses the steam dragon.
You are engulfed in a cloud of scalding steam.
The steam dragon bites you. The steam dragon misses you.
You shoot an arrow. The arrow hits the steam dragon.
The arrow burns the steam dragon.
The steam dragon is moderately wounded.
You are engulfed in a cloud of scalding steam.
You shoot an arrow. The arrow hits the steam dragon!
The arrow burns the steam dragon.
The steam dragon is heavily wounded.
You are engulfed in a cloud of scalding steam.
The steam dragon breathes steam at you. The ball of steam misses you.
5062 ||| READING scroll of teleportation.
As you read the scroll of teleportation, it crumbles to dust.
You feel strangely unstable. The steam dragon bites you.
The steam dragon claws you but does no damage.
You shoot an arrow.
The arrow hits the steam dragon but does no damage.
The steam dragon is heavily wounded.
The steam dragon breathes steam at you. The ball of steam hits you!!
The steam scalds you terribly!
You die...

####.....##.....
#..'.....''.....
#.##.....##..... #
#.##.....##.....
#.
#>##.....#####..
#.. ##'########
#.. #...
#.......... #:.
#....##....¤¤....
#..
#....D@¤¤........
#..
.....¤¤#.....¤....
###
.......#....¤.....
............).....
........#+#####...
........ ...
........ ........
#########


You could see a steam dragon (catching breath).

Vanquished Creatures
  Grinder (D:6)
  2 ice beasts (D:6)
  A centaur (D:5)
  2 phantoms
  A kobold brigand (D:7)
  A bullfrog (D:6)
  5 wights (D:6)
  4 hounds
  3 orc priests
  Natasha (D:2)
  4 iguanas
  2 orc wizards
  Robin (D:2)
  3 gnolls (D:2)
  7 adders
  A shadow imp (D:6)
  An adder zombie (D:3)
  A worm (D:2)
  11 orcs
  6 bats
  8 endoplasms
  4 giant cockroaches
  9 goblins
  12 hobgoblins
  2 jackals (D:1)
  10 kobolds
  2 quokkas
  8 ball pythons
  6 frilled lizards
  A quokka zombie (D:3)
  7 rats
127 creatures vanquished.

Notes
Turn   | Place    | Note
-------+----------+-------------------------------------------
     0 | D:1      | qw the Naga Hunter began the quest for the Orb.
     0 | D:1      | Reached XP level 1. HP: 19/19 MP: 1/1
     0 | D:1      | 0 ||| qw: Version: 0.2-a-29-g511e9b1
     0 | D:1      | 0 ||| qw: Game counter: 5756
     0 | D:1      | 0 ||| qw: Always use a shield: true
     0 | D:1      | 0 ||| qw: God list: Okawaru
     0 | D:1      | 0 ||| qw: Allow faded altars: false
     0 | D:1      | 0 ||| qw: Do Orc after D:15 true
     0 | D:1      | 0 ||| qw: Do second Lair branch before Depths: true
     0 | D:1      | 0 ||| qw: Lair rune preference: random
     0 | D:1      | 0 ||| qw: Plans: Normal
     0 | D:1      | 0 ||| PLANNING D:1-11
    81 | D:1      | Reached skill level 4 in Ranged Weapons
    81 | D:1      | Reached XP level 2. HP: 26/26 MP: 2/2
   148 | D:1      | 148 ||| INVOKING Spit Poison.
   160 | D:1      | 160 ||| INVOKING Spit Poison.
   187 | D:1      | 187 ||| INVOKING Spit Poison.
   191 | D:1      | 191 ||| INVOKING Spit Poison.
   303 | D:1      | 303 ||| INVOKING Spit Poison.
   324 | D:1      | Found a faded altar of an unknown god.
   403 | D:1      | 403 ||| INVOKING Spit Poison.
   407 | D:1      | 407 ||| INVOKING Spit Poison.
   410 | D:1      | 410 ||| INVOKING Spit Poison.
   516 | D:1      | 516 ||| INVOKING Spit Poison.
   517 | D:1      | Reached XP level 3. HP: 32/32 MP: 3/3
   542 | D:1      | 542 ||| INVOKING Spit Poison.
   601 | D:1      | 601 ||| INVOKING Spit Poison.
   721 | D:1      | 721 ||| INVOKING Spit Poison.
   958 | D:1      | 958 ||| READING scroll labelled YSIBERREKUF.
   959 | D:1      | 959 ||| READING scroll labelled ESTACUOKHLY.
   960 | D:1      | 960 ||| DROPPING scroll of butterflies.
  1021 | D:2      | 1021 ||| INVOKING Spit Poison.
  1083 | D:2      | 1083 ||| INVOKING Spit Poison.
  1087 | D:2      | 1087 ||| INVOKING Spit Poison.
  1091 | D:2      | 1091 ||| INVOKING Spit Poison.
  1103 | D:2      | 1103 ||| INVOKING Spit Poison.
  1108 | D:2      | 1108 ||| INVOKING Spit Poison.
  1110 | D:2      | Reached skill level 5 in Ranged Weapons
  1110 | D:2      | Reached XP level 4. HP: 39/39 MP: 4/4
  1111 | D:2      | 1111 ||| INVOKING Spit Poison.
  1125 | D:2      | 1125 ||| INVOKING Spit Poison.
  1148 | D:2      | 1148 ||| INVOKING Spit Poison.
  1152 | D:2      | 1152 ||| INVOKING Spit Poison.
  1159 | D:2      | 1159 ||| INVOKING Spit Poison.
  1223 | D:2      | Found Nedd's Antique Weapon Shoppe.
  1226 | D:2      | 1226 ||| INVOKING Spit Poison.
  1254 | D:2      | 1254 ||| INVOKING Spit Poison.
  1284 | D:2      | 1284 ||| INVOKING Spit Poison.
  1302 | D:2      | Identified the +6 dagger "Bups" {antimagic, rC+}
  1322 | D:2      | 1322 ||| INVOKING Spit Poison.
  1327 | D:2      | 1327 ||| INVOKING Spit Poison.
  1328 | D:2      | Noticed Robin
  1329 | D:2      | 1329 ||| Stepping ~*~*~tactically~*~*~ (outnumbered).
  1333 | D:2      | 1333 ||| INVOKING Spit Poison.
  1333 | D:2      | Killed Robin
  1337 | D:2      | 1337 ||| INVOKING Spit Poison.
  1495 | D:2      | Reached skill level 3 in Fighting
  1639 | D:2      | 1639 ||| INVOKING Spit Poison.
  1642 | D:2      | Reached XP level 5. HP: 49/49 MP: 5/5
  1652 | D:2      | Noticed Natasha
  1654 | D:2      | 1654 ||| INVOKING Spit Poison.
  1657 | D:2      | 1657 ||| INVOKING Spit Poison.
  1660 | D:2      | Killed Natasha
  1681 | D:2      | 1681 ||| UPGRADING to +0 helmet.
  1686 | D:2      | 1686 ||| READING 2 scrolls labelled QESKASHR RURYNG.
  1687 | D:2      | 1687 ||| READING 2 scrolls labelled OXKICS QEUP.
  1690 | D:2      | 1690 ||| READING scroll labelled LESAXZUEMY.
  1691 | D:2      | 1691 ||| READING scroll labelled FAYXTORU DIBU.
  1698 | D:3      | 1698 ||| INVOKING Spit Poison.
  1737 | D:3      | 1737 ||| INVOKING Spit Poison.
  1771 | D:3      | 1771 ||| INVOKING Spit Poison.
  1780 | D:3      | 1780 ||| Stepping ~*~*~tactically~*~*~ (outnumbered).
  1782 | D:3      | 1782 ||| Stepping ~*~*~tactically~*~*~ (outnumbered).
  1783 | D:3      | 1783 ||| INVOKING Spit Poison.
  1786 | D:3      | 1786 ||| INVOKING Spit Poison.
  1792 | D:3      | 1792 ||| INVOKING Spit Poison.
  1797 | D:3      | 1797 ||| INVOKING Spit Poison.
  1799 | D:3      | HP: 12/49 [orc wizard/+0 dagger (2)]
  1800 | D:3      | 1800 ||| READING scroll of teleportation.
  1804 | D:3      | 1804 ||| INVOKING Spit Poison.
  1804 | D:3      | Found a radiant altar of Vehumet.
  1804 | D:3      | Found an opulent altar of Gozag.
  1980 | D:3      | 1980 ||| INVOKING Spit Poison.
  1984 | D:3      | 1984 ||| INVOKING Spit Poison.
  1987 | D:3      | Reached skill level 6 in Ranged Weapons
  2054 | D:3      | Reached XP level 6. HP: 56/56 MP: 6/6
  2055 | D:3      | 2055 ||| INVOKING Spit Poison.
  2117 | D:3      | 2117 ||| INVOKING Spit Poison.
  2332 | D:3      | Found a basalt altar of Yredelemnul.
  2379 | D:3      | 2379 ||| INVOKING Spit Poison.
  2571 | D:3      | 2571 ||| READING scroll labelled SAEPHINUNU.
  2581 | D:4      | 2581 ||| INVOKING Spit Poison.
  2628 | D:4      | 2628 ||| INVOKING Spit Poison.
  2740 | D:4      | 2740 ||| INVOKING Spit Poison.
  2921 | D:4      | 2921 ||| INVOKING Spit Poison.
  3018 | D:4      | 3018 ||| READING scroll labelled LUHIQI ZALETS.
  3019 | D:4      | 3019 ||| DRINKING 4 lumpy brown potions.
  3028 | D:5      | Entered Level 5 of the Dungeon
  3056 | D:5      | 3056 ||| INVOKING Spit Poison.
  3077 | D:5      | 3077 ||| INVOKING Spit Poison.
  3118 | D:5      | Found Ciocw's General Store.
  3120 | D:5      | 3120 ||| INVOKING Spit Poison.
  3121 | D:5      | 3121 ||| FLEEEEING.
  3121 | D:5      | Found Didostri's Specific Store.
  3123 | D:5      | 3123 ||| INVOKING Spit Poison.
  3124 | D:5      | Reached XP level 7. HP: 38/66 MP: 7/7
  3215 | D:5      | 3215 ||| BUYING potion of curing (36 gold).
  3215 | D:5      | Bought a potion of curing for 36 gold pieces
  3215 | D:5      | 3215 ||| BUYING scroll of teleportation (36 gold).
  3215 | D:5      | Bought a scroll of teleportation for 36 gold pieces
  3222 | D:5      | 3222 ||| BUYING potion of heal wounds (70 gold).
  3222 | D:5      | Bought a potion of heal wounds for 70 gold pieces
  3252 | D:5      | Found an iron altar of Okawaru.
  3253 | D:5      | 3253 ||| PLANNING OKAWARU WORSHIP
  3253 | D:5      | 3253 ||| DRINKING 2 amethyst potions.
  3259 | D:5      | Became a worshipper of Warmaster Okawaru
  3260 | D:5      | 3260 ||| PLANNING D:1-11
  3382 | D:5      | Identified the ring of Ytuestruo {Ice Will+ Str+3}
  3432 | D:5      | 3432 ||| INVOKING Spit Poison.
  3468 | D:5      | 3468 ||| INVOKING Spit Poison.
  3471 | D:5      | 3471 ||| INVOKING Spit Poison.
  3500 | D:5      | Reached skill level 7 in Ranged Weapons
  3596 | D:5      | 3596 ||| INVOKING Spit Poison.
  3682 | D:5      | 3682 ||| INVOKING Spit Poison.
  3762 | D:5      | 3762 ||| UPGRADING to ring of Ytuestruo {Ice Will+ Str+3}.
  3846 | D:6      | 3846 ||| INVOKING Spit Poison.
  3859 | D:6      | 3859 ||| INVOKING Spit Poison.
  3865 | D:6      | 3865 ||| INVOKING Spit Poison.
  3904 | D:6      | Reached * piety under Okawaru
  3905 | D:6      | Reached XP level 8. HP: 73/73 MP: 8/8
  3905 | D:6      | Found a staircase to the Ecumenical Temple.
  3980 | D:6      | 3980 ||| INVOKING Spit Poison.
  3985 | D:6      | Reached skill level 1 in Invocations
  3991 | D:6      | 3991 ||| INVOKING Heroism.
  3994 | D:6      | HP: 9/70 [orc priest/divine providence (13)]
  3994 | D:6      | HP: 4/68 [wight/+0 long sword (1)]
  3995 | D:6      | 3995 ||| READING 2 scrolls of teleportation.
  3996 | D:6      | 3996 ||| DRINKING potion of heal wounds.
  3998 | D:6      | Reached skill level 8 in Ranged Weapons
  3998 | D:6      | 3998 ||| INVOKING Spit Poison.
  4376 | D:6      | Noticed Grinder
  4377 | D:6      | 4377 ||| INVOKING Heroism.
  4385 | D:6      | Killed Grinder
  4432 | D:6      | 4432 ||| INVOKING Spit Poison.
  4455 | D:6      | 4455 ||| INVOKING Spit Poison.
  4668 | D:6      | 4668 ||| INVOKING Spit Poison.
  4673 | D:6      | 4673 ||| INVOKING Spit Poison.
  4692 | D:6      | 4692 ||| INVOKING Spit Poison.
  4754 | D:6      | Found a glowing golden altar of the Shining One.
  4807 | D:6      | 4807 ||| UPGRADING to amulet of faith.
  4812 | D:6      | 4812 ||| READING scroll labelled HOLE UBONAHONE.
  4813 | D:6      | 4813 ||| DRINKING 2 lumpy dark potions.
  4814 | D:6      | 4814 ||| READING 2 scrolls of identify.
  4814 | D:6      | 4814 ||| IDENTIFYING smoky ruby potion
  4815 | D:6      | 4815 ||| DROPPING potion of attraction.
  4904 | D:7      | Found a runed translucent gate.
  4904 | D:7      | Found a runed translucent gate.
  4904 | D:7      | Found a runed translucent gate.
  4908 | D:7      | Noticed qw's ghost (novice MiHu)
  4923 | D:7      | 4923 ||| INVOKING Spit Poison.
  4930 | D:7      | 4930 ||| INVOKING Spit Poison.
  4937 | D:7      | 4937 ||| INVOKING Spit Poison.
  4938 | D:7      | Reached skill level 3 in Invocations
  4940 | D:7      | 4940 ||| INVOKING Spit Poison.
  4946 | D:7      | 4946 ||| INVOKING Spit Poison.
  5056 | D:7      | 5056 ||| INVOKING Heroism.
  5057 | D:7      | 5057 ||| INVOKING Spit Poison.
  5061 | D:7      | HP: 19/76 [steam dragon] (4)]
  5062 | D:7      | 5062 ||| READING scroll of teleportation.
  5063 | D:7      | Killed from afar by a steam dragon

Levels and vault maps discovered:
D:1:      roderic_chinese_lattice_arrival, layout_loops_corners,
          hellmonk_ecumenical_altar_pennies_from_heaven, nrook_campfire,
          kennysheep_nondescript, chequers_decorated_corner,
          minmay_misc_feat_cross
D:2:      layout_basic, serial_shops, shop, uniq_natasha, uniq_robin
D:3:      layout_loops_ring, lemuel_zombie_altar_yredelemnul,
          gammafunk_temple_overflow_pools
D:4:      layout_cave_pools
D:5:      layout_loops_ring, mainiacjoe_overflow_tiny_flanked,
          nicolae_specific_store, kennysheep_generic_room_5
D:6:      layout_loops_ring, tso_altar, minmay_temple_entry_waves, uniq_grinder
D:7:      layout_basic, ebering_ghost_rock_garden

Skill      XL: |  1  2  3  4  5  6  7  8 |
---------------+-------------------------+-----
Ranged Weapons | 4 5 6 7 8 |  8.6
Fighting       | 3 4 5 |  5.7
Dodging        | 2 |  2.8
Invocations    | 3 |  3.1
Stealth        | |  1.5

Action                     |  1- 3 |  4- 6 |  7- 9 || total
---------------------------+-------+-------+-------++-------
   Fire: Shortbow          |    49 |   121 |   121 ||   291
 Invoke: Heroism           |       |       |     3 ||     3
Ability: Spit Poison       |    18 |    36 |    21 ||    75
    Use: Scroll            |     2 |     7 |     4 ||    13
         Potion            |       |     1 |     3 ||     4
 Armour: Leather armour    |       |    17 |    23 ||    40
  Dodge: Dodged            |     3 |    22 |    42 ||    67

Table legend:
 A = Non-vault XP
 B = Vault XP
 C = Vault XP percentage of total XP
 D = Non-vault monster count
 E = Vault monster count
 F = Vault count percentage of total count
                 A         B        C        D         E       F
            +---------+---------+-------+---------+---------+-------
      Total |    1935 |     340 |  14.9 |     115 |      12 |   9.4
            +---------+---------+-------+---------+---------+-------
        D:1 |      43 |       0 |   0.0 |      25 |       0 |   0.0
        D:2 |      96 |      64 |  40.0 |      21 |       8 |  27.6
        D:3 |     124 |       6 |   4.6 |      20 |       2 |   9.1
        D:4 |     174 |       0 |   0.0 |      11 |       0 |   0.0
        D:5 |     408 |       3 |   0.7 |      12 |       1 |   7.7
        D:6 |     984 |     267 |  21.3 |      18 |       1 |   5.3
        D:7 |     106 |       0 |   0.0 |       8 |       0 |   0.0
            +---------+---------+-------+---------+---------+-------
